[Event "*** SCC Grand Prix: Titled Tuesday Blitz"]
[Site "Chess.com"]
[Date "2020.10.06"]
[Round "9"]
[White "Nikolaj_6"]
[Black "maxip32"]
[Result "0-1"]
[WhiteElo "2518"]
[BlackElo "2408"]
[TimeControl "180+1"]
[EndTime "11:46:53 PDT"]
[Termination "maxip32 won by resignation"]

1. d4 Nf6 2. Bf4 g6 3. e3 Bg7 4. Nf3 O-O 5. h3 d6 6. Be2 b6 7. O-O Bb7 8. c4 Ne4 9. Qc2 Nd7 10. Rd1 Ndf6 11. d5 a5 12. Nbd2 Nc5 13. e4 e5 14.
Be3 Nfd7 15. Nb3 Na6 16. Nc1 h6 17. Nd2 f5 18. exf5 gxf5 19. f4 Qe7 20. Nf3 Rae8 21. Bf1 Ndc5 22. Nb3 Nb4 23. Qc1 Na4 24. fxe5 dxe5 25.
Bxh6 e4 26. Nfd4 e3 27. Bxg7 Qxg7 28. Be2 f4 29. Rf1 Re4 30. Rd1 Bc8 31. Bf3 Re7 32.
Ne6 Bxe6 33. dxe6 Rxe6 34. c5 e2 35. Re1 Re3 36. cxb6 Nxb6 37. Kh1 Nd3 38. Qc6 Nf2+ 39. Kg1 Nxh3+ 40. Kh1 Nf2+ 41. Kg1 Qg3 42. Bd5+ Nxd5 43. Qxd5+ Rf7 44. Qd8+ Kg7 45. Qd4+ Kg6 46. Nc5 f3 47. Qd3+ Nxd3 0-1

[Event "*** SCC Grand Prix: Titled Tuesday Blitz"]
[Site "Chess.com"]
[Date "2020.10.06"]
[Round "9"]
[White "Fy_Rakotomaharo"]
[Black "Oligan22"]
[Result "1-0"]
[WhiteElo "2622"]
[BlackElo "2419"]
[TimeControl "180+1"]
[EndTime "11:46:54 PDT"]
[Termination "Fy_Rakotomaharo won on time"]

1. e4 c5 2. Nf3 e6 3. d4 cxd4 4.
Nxd4 Nc6 5. Nc3 Qc7 6. g3 a6 7. Bg2 Nf6 8. O-O h5 9. h3 Nxd4 10. Qxd4 Bc5 11. Bf4 d6 12. Qd3 Nd7 13. Rad1 Ne5 14.
Qe2 Bd7 15. Be3 b5 16. Bxc5 Qxc5 17. Nb1 b4 18. Qd2 Bb5 19. Rfe1 Rd8 20. c3 a5 21.
cxb4 Qxb4 22. Nc3 Ba6 23. b3 O-O 24. Na4 Nd3 25. Qxb4 axb4 26. Re3 Nc5 27. Rd4 Nxa4 28. bxa4 Rc8 29. Rxd6 Rc1+ 30. Kh2 Rc2 31. Rxa6 Rxf2 32. Rf3 Rxa2 33. Ra7 f6 34. Rd3 Rc8 35. Kg1 Rc1+ 36. Bf1 Raa1 37. Rf3 b3 38. Rb7 Rab1 39. Kg2 b2 40. Rf2 Kh7 41. a5 1-0

[Event "*** SCC Grand Prix: Titled Tuesday Blitz"]
[Site "Chess.com"]
[Date "2020.10.06"]
[Round "9"]
[White "kidagent"]
[Black "Forantes"]
[Result "0-1"]
[WhiteElo "2280"]
[BlackElo "2417"]
[TimeControl "180+1"]
[EndTime "11:46:55 PDT"]
[Termination "Forantes won by resignation"]

1. e4 c5 2. Nf3 Nc6 3. d4 cxd4 4. Nxd4 e5 5. Nb5 a6 6. Nd6+ Bxd6 7. Qxd6 Qf6 8. Qa3 Qg6 9. Nd2 Nf6 10. f3 d5 11. exd5 Nd4 12. Bd3 Qxg2 13. Rf1 Qxh2 14. c3 Bf5 15. cxd4 Bh3 16. Rf2 Qg1+ 17. Nf1 exd4 18. Qa4+ Bd7 19. Qxd4 O-O 20. Be3 Rac8 21. Rc2 Qh1 22. O-O-O Qxf3 23. Nd2 Qxd5 24. Qxd5 Nxd5 25. Bc5 Rfe8 26. Ne4 Rc6 27. Kb1 Bf5 28. Nf2 Bxd3 29. Nxd3 h5 30. Bf2 Rxc2 31. Kxc2 Re2+ 32. Rd2 Rxd2+ 33.
Kxd2 g5 34. Ne5 f5 35. Kd3 Kg7 36. Kd4 Nf6 37. Nf3 Ne4 38. Be1 Kg6 39. a4 h4 40.
Ke5 h3 41. b4 Nf6 42. Bd2 Ng4+ 43. Ke6 h2 44. Nxh2 Nxh2 45. b5 axb5 46. axb5 Nf3 47. Bc3 g4 48. Kd7 g3 49. Ke6 g2 50. Kd7 0-1

[Event "*** SCC Grand Prix: Titled Tuesday Blitz"]
[Site "Chess.com"]
[Date "2020.10.06"]
[Round "9"]
[White "thisjuan"]
[Black "PattyCastillo"]
[Result "1-0"]
[WhiteElo "2196"]
[BlackElo "1989"]
[TimeControl "180+1"]
[EndTime "11:46:55 PDT"]
[Termination "thisjuan won by resignation"]

1. c4 Nf6 2. g3 e6 3. Bg2 d5 4. Nf3 Be7 5. O-O Nbd7 6. d4 b6 7. cxd5 exd5 8. Nc3 Bb7 9. Bf4 a6 10. Rc1 Rc8 11. Qb3 O-O 12. Ne5 Nxe5 13. Bxe5 Ne4 14. Nxe4 dxe4 15. Qe3 f6 16. Bf4 g5 17. Bh3 gxf4 18.
Qxf4 Bd6 19. Qh4 f5 20. Qh5 Qf6 21. e3 Rcd8 22. Kh1 c5 23. dxc5 Bxc5 24. Rg1 Kh8 25. b3 Rd2 26. Rgf1 a5 27. Kg1 Bd5 28. Rfd1 Rxd1+ 29. Rxd1 Be6 30. Qe2 Rd8 31. Bg2 Qe7 32. h4 Rxd1+ 33.
Qxd1 Qd6 34. Qh5 Qe7 35. Bh3 Qf7 36. Qe2 Qf6 37. Kg2 Qc3 38. Qh5 Qf6 39. Qe8+ Kg7 40. Qb8 Bf7 41. Qf4 Bd6 42. Qxf5 Qxf5 43. Bxf5 Bg6 44.
Bg4 Kf6 45. Be2 Ke5 46. g4 Kd5 47. h5 Bf7 48. Kh3 Be7 49. Kg3 Bg5 50. Bc4+ Kc5 51. Bxf7 Kb4 52. Bg8 h6 53. Bd5 Ka3 54. Bxe4 Kxa2 55. Bd5 Ka3 56. f4 Be7 57. e4 b5 58.
e5 a4 59. bxa4 Kxa4 60. f5 b4 61. Kf4 b3 62. Bxb3+ Kxb3 63. f6 Bf8 64. Kf5 Kc4 65. e6 Kd5 66. e7 1-0

[Event "*** SCC Grand Prix: Titled Tuesday Blitz"]
[Site "Chess.com"]
[Date "2020.10.06"]
[Round "9"]
[White "frederiksvane"]
[Black "Durarbayli"]
[Result "0-1"]
[WhiteElo "2680"]
[BlackElo "2818"]
[TimeControl "180+1"]
[EndTime "11:46:56 PDT"]
[Termination "Durarbayli won by checkmate"]

1. e4 c5 2. Nf3 d6 3. Bb5+ Bd7 4. c4 Bxb5 5. cxb5 Nd7 6. Nc3 g6 7. O-O Bg7 8. d4 cxd4 9. Nxd4 Ngf6 10. Qe2 Rc8 11. Rd1 O-O 12. Bg5 h6 13. Bh4 Qb6 14. Rac1 e6 15. Nc2 Ne5 16. Ne3 Rfe8 17. Kh1 Nh5 18.
Bg3 Nxg3+ 19. hxg3 h5 20. Rc2 Red8 21. Rdc1 Qa5 22.
a3 Re8 23. Kg1 Bh6 24. f4 Nd7 25. Kf1 Nf6 26. Nc4 Qd8 27. Nxd6 Qxd6 28. e5 Qd7 29. exf6 e5 30. Rd1 Qf5 31. Rd5 Qxf6 32. Rxe5 Rxe5 33. Qxe5 Qd8 34. Re2 Bg7 35. Qd5 Qc7 36. Ne4 Rd8 37. Qb3 Qc1+ 38. Re1 Qc7 39. Kg1 Bd4+ 40. Kh1 Kg7 41.
Qb4 h4 42. Ng5 hxg3 43. Nf3 Rh8+ 44. Nh4 Rxh4# 0-1

[Event "*** SCC Grand Prix: Titled Tuesday Blitz"]
[Site "Chess.com"]
[Date "2020.10.06"]
[Round "9"]
[White "W_Amadeus"]
[Black "Artyom_ChessMate"]
[Result "1-0"]
[WhiteElo "2703"]
[BlackElo "2512"]
[TimeControl "180+1"]
[EndTime "11:46:58 PDT"]
[Termination "W_Amadeus won by resignation"]

1. d4 d5 2. Nf3 Nf6 3. Bf4 c5 4. e3 Nc6 5. Nbd2 cxd4 6. exd4 g6 7. c3 Bg7 8. Bd3 O-O 9. O-O Bf5 10. Bxf5 gxf5 11. Ne5 Nxe5 12. Bxe5 e6 13. Re1 Kh8 14. Nf3 Ne4 15. Bxg7+ Kxg7 16. Ne5 Qf6 17. f3 Nd6 18. Nd7 Qg6 19. Nxf8 Rxf8 20. Qe2 Ne8 21. Qe5+ Nf6 22.
Qg3 Rc8 23. a4 Nh5 24. Qxg6+ hxg6 25. g3 f4 26. g4 Nf6 27. Kg2 Nd7 28. a5 Nf6 29.
Ra3 Ne8 30. Rb3 Nd6 31. Ra1 Rc7 32. a6 b6 33. Rxb6 axb6 34. a7 Rxa7 35. Rxa7 Nc4 36. Ra2 Kf6 37. h4 e5 38. dxe5+ Kxe5 39. Kf2 b5 40. Ke2 d4 41. b3 Nd6 42. cxd4+ Kxd4 43. Ra7 Ke5 44. h5 gxh5 45. gxh5 Nf5 46. Rxf7 Ng3+ 47. Kf2 Nxh5 48. Rb7 Nf6 49. Rxb5+ Kd4 50. Rf5 Nd5 51.
Rxd5+ Kxd5 52. Kg2 Kd4 53. Kh3 Kd3 54. Kg4 Ke3 55.
b4 1-0

[Event "*** SCC Grand Prix: Titled Tuesday Blitz"]
[Site "Chess.com"]
[Date "2020.10.06"]
[Round "9"]
[White "AlexSuv"]
[Black "zmeeed67"]
[Result "1-0"]
[WhiteElo "2502"]
[BlackElo "2380"]
[TimeControl "180+1"]
[EndTime "11:46:58 PDT"]
[Termination "AlexSuv won on time"]

1. d4 Nc6 2. Nf3 d6 3. d5 Ne5 4.
Nxe5 dxe5 5. e4 a6 6. c4 e6 7. Nc3 Nf6 8. Bd3 exd5 9. exd5 h6 10.
O-O Bd6 11. Re1 O-O 12. Qf3 Re8 13. h3 Bd7 14. Bd2 c6 15. Rad1 cxd5 16. cxd5 b5 17. a3 Rc8 18. Ne4 Nxe4 19. Bxe4 Rf8 20. Bf5 Rc4 21. Bxd7 Qxd7 22. Bc3 f6 23. Re4 Rfc8 24. Rxc4 Rxc4 25. Qd3 Qc8 26. Re1 Qb7 27. Qf3 Rf4 28.
Qe3 Qc7 29. Re2 Bc5 30. Qd3 Qb6 31. Qd2 Bd4 32. Bb4 Qb7 33. d6 Qd5 34. g3 Rf5 35. Qc2 Rf3 36. Qc8+ Kh7 37. Qc2+ f5 38. Kh2 e4 39.
Qc7 Rxf2+ 40. Rxf2 Bxf2 41. d7 e3 42. d8=Q Qf3 43.
Qd3 Qxg3+ 44. Qxg3 Bxg3+ 45. Kxg3 g5 46. Qxf5+ 1-0

[Event "*** SCC Grand Prix: Titled Tuesday Blitz"]
[Site "Chess.com"]
[Date "2020.10.06"]
[Round "9"]
[White "FloMaster111"]
[Black "ZverevLev"]
[Result "1-0"]
[WhiteElo "2546"]
[BlackElo "2332"]
[TimeControl "180+1"]
[EndTime "11:46:59 PDT"]
[Termination "FloMaster111 won by checkmate"]

1. Nf3 c5 2. c4 d6 3. Nc3 Nf6 4. d4 cxd4 5. Nxd4 Nc6 6. e4 Nxd4 7. Qxd4 e5 8. Qd3 Be7 9. h3 O-O 10. Be2 Be6 11. b3 Rc8 12. Bb2 a6 13. O-O Qd7 14.
Rfd1 h6 15. Rac1 Nh7 16. Nd5 Bd8 17. f4 exf4 18. Nxf4 Bg5 19. Nxe6 fxe6 20. Rc2 Bf4 21. e5 Qf7 22. exd6 Ng5 23. c5 Kh8 24. Rf1 Qd7 25. Qg6 e5 26. Rxf4 Rxf4 27. Bxe5 Rh4 28.
Bg4 Rxg4 29. hxg4 Kg8 30. Qf5 Qc6 31. Bd4 Rf8 32. Qg6 Qd7 33. Rf2 Re8 34. Qf5 Qc6 35.
d7 Rd8 36. Bb2 Rxd7 37. Qf8+ Kh7 38. Qf5+ g6 39. Qf4 Rf7 40. Qe5 Rxf2 41. Qh8# 1-0

[Event "*** SCC Grand Prix: Titled Tuesday Blitz"]
[Site "Chess.com"]
[Date "2020.10.06"]
[Round "9"]
[White "GM_Levan_Pantsulaia"]
[Black "Indianlad"]
[Result "1-0"]
[WhiteElo "2819"]
[BlackElo "2918"]
[TimeControl "180+1"]
[EndTime "11:47:00 PDT"]
[Termination "GM_Levan_Pantsulaia won on time"]

1. Nf3 d5 2. g3 Nc6 3. c4 d4 4. d3 e5 5. Bg2 Nf6 6. O-O a5 7. Na3 Bc5 8. Nb5 h6 9. e3 dxe3 10. Bxe3 Bxe3 11. fxe3 O-O 12. d4 exd4 13. exd4 Bg4 14. Qd2 Bxf3 15. Bxf3 Ne5 16. Be2 c6 17. Nc3 Re8 18. Rad1 Ned7 19. Bf3 Qb6 20. b3 Rad8 21. Qf2 Qb4 22. Ne2 Nf8 23. Nf4 Qd6 24. c5 Qc7 25. d5 N8d7 26. d6 Qb8 27. a3 Ne5 28. b4 axb4 29.
axb4 b6 30. Nh5 Nxh5 31. Bxh5 g6 32. Bf3 bxc5 33. bxc5 Qa7 34. Bg2 Re6 35. h3 Rf8 36. Kh2 Kg7 37. Rde1 Kh7 38. Qd4 f6 39. Ra1 Qg7 40.
Ra2 f5 41. Kh1 h5 42. Rfa1 Rf7 43. Re2 Rf8 44. Rae1 Rfe8 45. Bxc6 Rc8 46. Bg2 Rce8 47. c6 1-0

[Event "*** SCC Grand Prix: Titled Tuesday Blitz"]
[Site "Chess.com"]
[Date "2020.10.06"]
[Round "9"]
[White "Kildepiotr"]
[Black "karwowskikacper"]
[Result "1/2-1/2"]
[WhiteElo "2589"]
[BlackElo "2479"]
[TimeControl "180+1"]
[EndTime "11:47:01 PDT"]
[Termination "Game drawn - insufficient material"]

1. Nf3 Nf6 2. g3 g6 3. Bg2 Bg7 4. O-O O-O 5. d4 d6 6. Nbd2 Nc6 7. e4 e5 8. dxe5 Nxe5 9. Nxe5 dxe5 10. Qe2 c6 11. a4 Qc7 12. Nc4 Be6 13. Be3 b6 14. f3 Rfd8 15. Rfd1 Rxd1+ 16. Rxd1 Rd8 17. Bf1 Bxc4 18. Rxd8+ Qxd8 19. Qxc4 Qd6 20. Qc3 Nd7 21. a5 Bf8 22. axb6 axb6 23. Kf2 Qb4 24. Qxb4 Bxb4 25.
f4 Bc5 26. Bh3 exf4 27. gxf4 Nf6 28. Kf3 Kf8 29. Bxc5+ bxc5 30. c3 Ke7 31. Bf1 Nd7 32. Bc4 f6 33. h4 g5 34. hxg5 fxg5 35. Bg8 g4+ 36. Ke3 Nf6 37. Bc4 h5 38. f5 g3 39.
Kf3 Nxe4 40. Be2 Nd6 41. Kxg3 Nxf5+ 42. Kf4 Nd6 43. Bxh5 Nc4 44. b3 Na5 45. Bd1 Kd6 46.
Ke4 Nb7 47. Bh5 Nd8 48. Kd3 Nb7 49. Bg4 Na5 50. Bd1 c4+ 51. bxc4 Kc5 52. Bf3 Nxc4 53. Bxc6 Ne5+ 54. Ke4 Nxc6 55. c4 Kxc4 1/2-1/2

[Event "*** SCC Grand Prix: Titled Tuesday Blitz"]
[Site "Chess.com"]
[Date "2020.10.06"]
[Round "9"]
[White "vinniethepooh"]
[Black "annazero"]
[Result "1-0"]
[WhiteElo "2564"]
[BlackElo "2401"]
[TimeControl "180+1"]
[EndTime "11:47:01 PDT"]
[Termination "vinniethepooh won by checkmate"]

1. d4 d5 2. c4 c6 3. Nc3 Nf6 4. cxd5 cxd5 5. f3 Nc6 6. e4 e6 7. e5 Nd7 8. f4 Qb6 9. Nf3 Bb4 10.
Be3 O-O 11. Bd3 g6 12. h4 h5 13. a3 Bxc3+ 14. bxc3 Ne7 15. g4 hxg4 16. Ng5 Nf5 17.
Bd2 f6 18. Rb1 Qd8 19. Nxe6 Qe7 20. Qxg4 Qxe6 21. Qxg6+ Ng7 22. Rg1 Rf7 23. Qh7+ Kf8 24. Qh8+ Ke7 25. Rxg7 Rxg7 26. Qxg7+ Qf7 27. Qxf7+ Kxf7 28. Bf5 fxe5 29. Bxd7 Bxd7 30. Rxb7 Ke6 31. dxe5 Bc6 32.
Rc7 Bb5 33. Be3 Rh8 34. Bf2 Kf5 35. Rf7+ Ke4 36. e6 Rc8 37. Kd2 Kf3 38. Bd4 Rg8 39.
Rg7 Re8 40. f5 Ke4 41. Rf7 Bf1 42. e7 Bh3 43. f6 Kf5 44. Rf8 Rxf8 45. exf8=Q Bg4 46. Qg7 Bf3 47. f7 Ke4 48. f8=Q Bg4 49. Qe5# 1-0

[Event "*** SCC Grand Prix: Titled Tuesday Blitz"]
[Site "Chess.com"]
[Date "2020.10.06"]
[Round "9"]
[White "vanea_03"]
[Black "26andrej26"]
[Result "1/2-1/2"]
[WhiteElo "2690"]
[BlackElo "2549"]
[TimeControl "180+1"]
[EndTime "11:47:02 PDT"]
[Termination "Game drawn by repetition"]

1. c4 Nf6 2. Nc3 d6 3. d4 g6 4.
Nf3 Bg7 5. e3 O-O 6. Be2 e5 7.
O-O exd4 8. exd4 Re8 9. h3 Ne4 10. Bd3 Nxc3 11. bxc3 Nc6 12. Bg5 Bf6 13. Bf4 Ne7 14.
Rb1 b6 15. Re1 Bf5 16. Re2 Qd7 17. Qc2 Bxd3 18. Qxd3 Qf5 19. Qxf5 Nxf5 20. Rbe1 Rxe2 21. Rxe2 Ng7 22. Kf1 Re8 23. g4 Rxe2 24. Kxe2 Ne6 25. Be3 Kf8 26. Kd3 Ke7 27. Ke4 Kd7 28. Ne1 Nd8 29.
f4 Nc6 30. Nf3 Na5 31. Kd3 Nc6 32. Nd2 Nd8 33. Ne4 Be7 34. f5 Nc6 35. Bf4 Na5 36. Nd2 Kc6 37. Ke4 Kd7 38. Kd3 Kc6 39. Nb3 Nb7 40.
Ke4 Kd7 41. Kd5 Bf6 42. g5 c6+ 43. Ke4 Bd8 44. f6 Ke6 45. d5+ Kd7 46. Nd4 Na5 47. Kd3 Bc7 48. h4 Bb8 49. Ne2 Nb7 50. Nd4 Na5 51.
Bc1 Bc7 52. Ba3 Bb8 53. Bb4 c5 54. Bxa5 cxd4 55. Bb4 dxc3 56. Bxc3 Bc7 57. Bd4 Kc8 58. Kc3 Kb7 59. Kb4 Ka6 60. Ka4 Bb8 61. Bc3 Bc7 62. Bb4 Bb8 63. Kb3 Bc7 64. a4 Bb8 65. Kc2 Bc7 66.
h5 Bb8 67. Kd3 Bc7 68. Ke4 Bb8 69. hxg6 hxg6 70. Kd3 Bc7 71. Kc2 Bb8 72. Kb3 Bc7 73. Bd2 Bb8 74. a5 Bc7 75. Ka4 Bb8 76. axb6 axb6 77.
Bb4 Bc7 78. Ba3 Bb8 79. Bb4 Bc7 80. Ba3 Bb8 81. Bb4 1/2-1/2

[Event "*** SCC Grand Prix: Titled Tuesday Blitz"]
[Site "Chess.com"]
[Date "2020.10.06"]
[Round "9"]
[White "Gabrielian_Artur"]
[Black "FMJoseHerrera"]
[Result "0-1"]
[WhiteElo "2728"]
[BlackElo "2568"]
[TimeControl "180+1"]
[EndTime "11:47:04 PDT"]
[Termination "FMJoseHerrera won by checkmate"]

1. e4 c5 2. Nf3 e6 3. d4 cxd4 4. Nxd4 a6 5. g3 Qc7 6. Bg2 b6 7. O-O Bb7 8. Re1 d6 9. Nc3 Nd7 10.
Bg5 h6 11. Be3 Ngf6 12. f4 Be7 13. Bf2 g5 14. f5 e5 15. Ne6 fxe6 16. fxe6 Nf8 17. Nd5 Bxd5 18. exd5 h5 19. c4 h4 20. Qa4+ Kd8 21. Qb3 Rb8 22. Bf3 hxg3 23. hxg3 Ng6 24. Kg2 g4 25. Be4 Nxe4 26. Rxe4 Rg8 27. Rh1 b5 28. c5 dxc5 29. d6 Bxd6 30. Qd5 Ne7 31. Qd3 Kc8 32. Rh7 Rd8 33. Qe2 Qc6 34. Kg1 Kb7 35. Rxg4 Ka8 36. Rgg7 Re8 37. Be3 c4 38. Bg5 Bc5+ 39. Kh2 Qxe6 40. Qe4+ Rb7 41. Rh6 Qf5 42. Rxa6+ Ba7 43. Qc6 Qf2+ 44. Kh3 Qf1+ 45. Qg2 Qf5+ 46.
g4 Rh8+ 47. Bh4 Qd3+ 48. Qg3 Qf1+ 49. Qg2 Rxh4+ 50. Kxh4 Qxg2 51. Kg5 Kb8 52. Rf6 Be3+ 53. Kh5 Qh3# 0-1

[Event "*** SCC Grand Prix: Titled Tuesday Blitz"]
[Site "Chess.com"]
[Date "2020.10.06"]
[Round "9"]
[White "PavelChernomordik"]
[Black "Denis_Makhnyov"]
[Result "0-1"]
[WhiteElo "2359"]
[BlackElo "2847"]
[TimeControl "180+1"]
[EndTime "11:47:05 PDT"]
[Termination "Denis_Makhnyov won on time"]

1. e4 Nf6 2. Nc3 d5 3. e5 d4 4.
Nce2 Ne4 5. c3 d3 6. Qa4+ Nc6 7.
Qxe4 dxe2 8. Bxe2 Be6 9. Nf3 Bd5 10. Qe3 e6 11. O-O Be7 12. d4 O-O 13. Rd1 Na5 14. b3 b6 15. c4 Bb7 16. Bb2 Qd7 17. a3 b5 18. cxb5 Bd5 19. Nd2 c6 20. b4 Nb7 21.
bxc6 Bxc6 22. Ne4 Rfd8 23. Rac1 Ba4 24. Re1 Rac8 25. Ba6 Bc6 26. Nc5 Qd5 27. Bf1 a5 28. Nxb7 Bxb7 29. b5 a4 30. h3 h6 31. Rxc8 Rxc8 32.
Rc1 Rd8 33. Rc7 Rd7 34. Qc3 Rxc7 35. Qxc7 Bg5 36. Qd6 Qe4 37. b6 Kh7 38. Qc7 Bd5 39. Qc3 g6 40. f3 Be3+ 41. Kh1 Qf4 42. Bc1 Bxc1 43. b7 Bxb7 0-1

[Event "*** SCC Grand Prix: Titled Tuesday Blitz"]
[Site "Chess.com"]
[Date "2020.10.06"]
[Round "9"]
[White "ozates"]
[Black "Ze-Pequeno"]
[Result "1-0"]
[WhiteElo "2375"]
[BlackElo "2239"]
[TimeControl "180+1"]
[EndTime "11:47:05 PDT"]
[Termination "ozates won by resignation"]

1. e4 e5 2. Nf3 Nc6 3. Bb5 a6 4. Ba4 Nf6 5. d3 Be7 6. O-O b5 7. Bb3 O-O 8. c3 d6 9. Nbd2 Na5 10. Bc2 c5 11. a3 Re8 12. Re1 Bf8 13. Nf1 g6 14. d4 Bb7 15. Ng3 Bg7 16. h4 h5 17.
Bg5 Qc7 18. Rc1 Rac8 19. Bd3 Qb6 20. d5 c4 21. Bc2 Rb8 22. Qd2 Bc8 23. Nh2 Nb7 24.
Bd1 Nc5 25. Bc2 a5 26. Kh1 b4 27. f4 exf4 28. Qxf4 Nh7 29. Rf1 Rb7 30. axb4 axb4 31.
Bh6 b3 32. Bb1 Qd8 33. Bxg7 Kxg7 34. Nf3 Bg4 35. Ng5 Nxg5 36. hxg5 Qe7 37. Rce1 Qe5 38.
Qf6+ Qxf6 39. Rxf6 Rd7 40. Re3 Re5 41. Rf4 Rxg5 42.
Kg1 Re5 43. Nf1 Rde7 44. Nd2 Nd3 45. Bxd3 cxd3 46. Rxd3 Be2 47. Re3 Ba6 48. Rf2 f5 49.
Nxb3 fxe4 50. Nd4 Rxd5 51. b4 Bd3 52. Rb2 Rc7 53. Ne6+ Kf6 54. Nxc7 1-0

[Event "*** SCC Grand Prix: Titled Tuesday Blitz"]
[Site "Chess.com"]
[Date "2020.10.06"]
[Round "9"]
[White "tsvet2005"]
[Black "BigAl"]
[Result "1-0"]
[WhiteElo "2685"]
[BlackElo "2518"]
[TimeControl "180+1"]
[EndTime "11:47:06 PDT"]
[Termination "tsvet2005 won by checkmate"]

1. d4 Nf6 2. c4 g6 3. Nc3 Bg7 4.
e4 O-O 5. Be2 d6 6. Be3 c5 7. d5 e6 8. Nf3 exd5 9. cxd5 Bg4 10.
Nd2 Bxe2 11. Qxe2 a6 12. a4 Re8 13. f3 Nbd7 14. O-O Ne5 15. h3 Nh5 16. Kh2 Qh4 17. Bf2 Qf4+ 18. Kg1 Ng3 19. Bxg3 Qxg3 20. Rab1 Bh6 21.
Rfd1 c4 22. Nf1 Qg5 23. Qf2 Rac8 24. b3 Qf6 25. bxc4 Rxc4 26. Ne2 Rxa4 27. Rxb7 Ra2 28. f4 Nc4 29. Nfg3 Bg7 30. Rc7 Na3 31. Rc6 Nb5 32. e5 Qd8 33. e6 fxe6 34. dxe6 Rxe6 35.
Rdc1 Re8 36. Qf3 Qf6 37. Kh1 Qf7 38. Rb6 Rf8 39. Rb7 Qe6 40. f5 gxf5 41. Nf4 Qf6 42.
Qd5+ Kh8 43. Qxa2 Qg5 44. Ngh5 Be5 45. Qf2 Nd4 46. h4 Qg4 47. Rcc7 h6 48. Rh7+ Kg8 49.
Rbg7+ Bxg7 50. Rxg7+ Kh8 51. Rxg4 fxg4 52. Qxd4+ Kh7 53.
Qg7# 1-0

[Event "*** SCC Grand Prix: Titled Tuesday Blitz"]
[Site "Chess.com"]
[Date "2020.10.06"]
[Round "9"]
[White "norwaytoadog"]
[Black "PhileKhoob"]
[Result "0-1"]
[WhiteElo "2307"]
[BlackElo "2479"]
[TimeControl "180+1"]
[EndTime "11:47:06 PDT"]
[Termination "PhileKhoob won on time"]

1. e4 c5 2. Nf3 d6 3. Bb5+ Bd7 4. Bxd7+ Qxd7 5. O-O Nf6 6. Qe2 Nc6 7. c3 e6 8. d4 cxd4 9. cxd4 d5 10. e5 Ne4 11.
Be3 Be7 12. Ne1 f6 13. f3 Ng5 14. f4 Ne4 15. Nf3 f5 16. Nbd2 O-O 17. a3 Rac8 18. Rfc1 a6 19. b4 Na7 20. Qd3 Nb5 21. Nb3 Rxc1+ 22. Rxc1 Nxa3 23. Nc5 Bxc5 24. bxc5 Nc4 25. Rb1 Qc6 26. Qb3 Rb8 27. Bc1 b5 28. h3 a5 29. g4 g6 30. gxf5 gxf5 31. Kh2 Kh8 32. Qd3 b4 33. Be3 a4 34. Rg1 b3 35. Qf1 Nxe3 36.
Qe1 b2 37. Qh4 b1=Q 38. Rxb1 Rxb1 39. Qd8+ Kg7 40. Qe7+ Kg8 41. Ng5 Rb7 42. Qd8+ Kg7 43. Nxe4 dxe4 44. Qf6+ Kg8 45. Qd8+ Kf7 46. Qf6+ Ke8 47.
Qh8+ Kd7 48. Qg7+ Kd8 49. Qf8+ Kc7 50. Qe7+ Qd7 51. Qf8 Rb2+ 52. Kg3 Nf1+ 0-1

[Event "*** SCC Grand Prix: Titled Tuesday Blitz"]
[Site "Chess.com"]
[Date "2020.10.06"]
[Round "9"]
[White "Iskusnyh"]
[Black "Alindsay211"]
[Result "1/2-1/2"]
[WhiteElo "2564"]
[BlackElo "2421"]
[TimeControl "180+1"]
[EndTime "11:47:08 PDT"]
[Termination "Game drawn by repetition"]

1. d4 Nf6 2. c4 g6 3. g3 Bg7 4.
Bg2 O-O 5. Nc3 d6 6. Nf3 Nc6 7. O-O a6 8. b3 Rb8 9. d5 Na5 10.
Bg5 h6 11. Bd2 c5 12. dxc6 Nxc6 13. Rc1 Bf5 14. h3 Qc8 15. Kh2 Re8 16. Nd5 Qd8 17.
Nxf6+ exf6 18. Bf4 Ne5 19. Qd2 g5 20. Be3 Qe7 21. Rfd1 Bf8 22. c5 dxc5 23. Bxc5 Nxf3+ 24. Bxf3 Qe5 25. Bxf8 Rxf8 26. Qd6 Rfe8 27. Rc5 Qxd6 28.
Rxd6 Re5 29. Rc7 Be6 30. Rb6 f5 31. e3 Kg7 32. Rbxb7 Rxb7 33. Bxb7 f4 34. e4 fxg3+ 35.
Kxg3 Ra5 36. Rc2 Kf6 37. h4 gxh4+ 38. Kxh4 Rg5 39. f3 Rg1 40. Bxa6 Ke5 41. Bc4 Kf4 42.
Bxe6 fxe6 43. Kh5 Rh1+ 44. Kg6 Kxf3 45. e5 Ke4 46. Re2+ Kd5 47. Kf6 Rf1+ 48. Kg6 Rh1 49. a4 Rb1 50. Kf6 Rf1+ 51. Ke7 Rb1 52. a5 Rxb3 53. Kf6 Rf3+ 54. Ke7 Ra3 55. Kf6 Rf3+ 56.
Ke7 Ra3 57. Kf6 Rf3+ 1/2-1/2

[Event "*** SCC Grand Prix: Titled Tuesday Blitz"]
[Site "Chess.com"]
[Date "2020.10.06"]
[Round "9"]
[White "Chessbard1972"]
[Black "chessmadara"]
[Result "0-1"]
[WhiteElo "2245"]
[BlackElo "2135"]
[TimeControl "180+1"]
[EndTime "11:47:08 PDT"]
[Termination "chessmadara won on time"]

1. e4 c5 2. d4 cxd4 3. c3 d3 4.
c4 g6 5. Bxd3 Bg7 6. Nf3 Nc6 7.
O-O d6 8. h3 Nf6 9. Nc3 O-O 10.
Bd2 Bd7 11. Re1 Rc8 12. b3 a6 13. Rc1 Ne5 14. Be2 Nxf3+ 15. Bxf3 Bc6 16. Nd5 Bxd5 17.
exd5 b5 18. Be2 Ne4 19. Be3 bxc4 20. Bxc4 a5 21. Bd4 Nf6 22. a4 Nd7 23. Bxg7 Kxg7 24. Qd4+ Kg8 25. Ba6 Rc5 26. Bb5 Qc7 27. Rcd1 Nf6 28.
Bc6 Rb8 29. Rd3 Rb4 30. Qe3 Re4 31. Qd2 Rxe1+ 32. Qxe1 e6 33. Qd2 exd5 34. Bxd5 Rc1+ 35. Kh2 Rc2 36. Qf4 Nxd5 37. Rxd5 Rc3 38. Rb5 Kg7 39.
Qd4+ Kg8 40. h4 d5+ 41. g3 Rf3 42. Kg2 Rf5 43. Qc5 Qe5 44. Qc2 h5 45. Qd3 Kg7 46. Rxa5 Qb2 47. Qe3 d4 48. Qe1 Rxa5 49. Qxa5 d3 50. Qd5 d2 51. a5 Qc2 0-1

[Event "*** SCC Grand Prix: Titled Tuesday Blitz"]
[Site "Chess.com"]
[Date "2020.10.06"]
[Round "9"]
[White "MrTattaglia"]
[Black "FairChess_on_YouTube"]
[Result "0-1"]
[WhiteElo "2877"]
[BlackElo "2981"]
[TimeControl "180+1"]
[EndTime "11:47:14 PDT"]
[Termination "FairChess_on_YouTube won by resignation"]

1. Nf3 Nf6 2. c4 b6 3. g3 Bb7 4. Bg2 g6 5. b3 Bg7 6. Bb2 O-O 7.
O-O c5 8. Nc3 Nc6 9. e3 d5 10.
Nxd5 Nxd5 11. Bxg7 Kxg7 12. cxd5 Qxd5 13. d4 Rad8 14.
Ne5 Qxg2+ 15. Kxg2 Nxe5+ 16. f3 cxd4 17. exd4 Nc6 18. d5 Ne5 19. Re1 Nxf3 20. Rxe7 Bxd5 21. Kf2 Nxh2 22. Qd4+ Kg8 23. Rd1 h5 24. Rd3 Ng4+ 25. Kg1 Nh6 26. Qf6 Ng4 27. Qd4 Rd6 28. Qf4 Rf6 29. Qd2 Bc6 30. Rd8 Rxd8 31. Qxd8+ Kg7 32. Rc7 Re6 33. Qd4+ Kh6 34. Qc3 Be8 35. Rc8 Kh7 36. Rc7 a5 37. a3 Nf6 38. Qd4 a4 39. bxa4 Ng4 40. Qc3 Nf6 41. Rc8 Ne4 42. Qd4 Nf6 43. Rc7 Ng4 44. Rc1 Ne5 45. Kf2 Ng4+ 46. Kf1 Nh2+ 47.
Kg2 Re2+ 48. Kg1 Nf3+ 49. Kf1 Nxd4 50. Rc4 Re4 51. Kf2 Bd7 52. a5 bxa5 53. Rc7 0-1

[Event "*** SCC Grand Prix: Titled Tuesday Blitz"]
[Site "Chess.com"]
[Date "2020.10.06"]
[Round "9"]
[White "rasmussvane"]
[Black "A-Fier"]
[Result "1-0"]
[WhiteElo "2910"]
[BlackElo "2771"]
[TimeControl "180+1"]
[EndTime "11:47:15 PDT"]
[Termination "rasmussvane won by resignation"]

1. Nf3 Nf6 2. g3 g6 3. Bg2 Bg7 4. O-O O-O 5. d4 d5 6. c4 dxc4 7. Na3 c3 8. bxc3 c5 9. Bb2 Nc6 10. Re1 Nd5 11. e4 Nb6 12. Rb1 Bg4 13. d5 Ne5 14. c4 Bxf3 15. Bxf3 Rb8 16. Be2 g5 17.
Qd2 h6 18. f4 gxf4 19. gxf4 Ng6 20. e5 e6 21. d6 Qh4 22. Rf1 f6 23. Bd3 f5 24. Qf2 Qxf2+ 25. Rxf2 Nd7 26. Nb5 Kf7 27.
Bc3 h5 28. Nxa7 Bh6 29. Bd2 Rg8 30. Kf1 b6 31. Nb5 Ra8 32. a3 Ra4 33. Ke2 Nh4 34.
Ra1 Rg4 35. Raf1 Ng6 36. Kd1 Rh4 37. Kc2 Rh3 38. Bc1 Ra8 39. Nc7 Ra4 40. Re1 Nh4 41. Re3 Rxe3 42. Bxe3 Nxe5 43. fxe5 Bxe3 44. Re2 f4 45.
Kb3 Ra7 46. Be4 Bd4 47. Re1 Bxe5 48. Nb5 Rd7 49. Bc6 Rd8 50. Rxe5 Nf5 51. Bd5 Ng7 52. Bf3 Kf6 53. Re1 Nf5 54. Rd1 h4 55. Rd2 Ne3 56.
Kc3 e5 57. d7 Kf5 58. Na7 e4 59. Bxe4+ Kxe4 60. Nc6 Rxd7 61. Rxd7 f3 62. Re7+ Kf4 63. Rf7+ Nf5 64. Ne7 Ke3 65. Rxf5 f2 66. h3 Ke2 67. Ng6 1-0